Workbook
Name _ftn1: 'FORMATO MATRIZ DE RIESGOS'!$A$41
Name _ftnref1: 'FORMATO MATRIZ DE RIESGOS'!$B$34
Name _Hlk130312646: 'FORMATO MATRIZ DE RIESGOS'!$B$34

Sheet FORMATO MATRIZ DE RIESGOS
C1: CENTRO DE INDUSTRIA Y CONSTRUCCION | U1: Código: GC-FO-53
C2: GESTIÓN CONTRACTUAL | U2: Versión: 01
C3: MATRIZ DE RIESGOS DE CONTRATACIÓN | U3: Fecha de emisión: 15/03/2023[1]
A4: OBJETO CONTRACTUAL: contratar la obra consistente en mantenimiento al área destinada para el funcionamiento del gimnasio del centro de industria y construcción
A5: MODALIDAD DE CONTRATACIÓN: Mínima cuantía
A6: No[Numerar consecutivamente empezando en 1] | B6: Clase/general o especifico | C6: Fuente/Interno o Externo | D6: Etapa | E6: Tipo de Riesgo | F6: Descripción del riesgo (que puede pasar y como puede ocurrir) | G6: Consecuencia de la ocurrencia del evento | H6: EVALUAR Y CALIFICAR LOS RIESGOS | L6: ¿A Quien se le asigna? | M6: Tratamiento/ y Controles a ser implementados | N6: IMPACTO DESPUES DEL TRATAMIENTO | R6: ¿Afecta la ejecución del contrato? | S6: Persona Responsable por implementar el tratamiento | T6: Fecha estimada en la que se inicia el tratamiento | U6: Fecha estimada en que se completa el tratamiento | V6: MONITOREO Y REVISIÓN
H7: Probabilidad | I7: Impacto | J7: Valoración del Riesgo | K7: Categoría | N7: Probabilidad | O7: Impacto | P7: Valoración del Riesgo | Q7: Categoría | V7: ¿Cómo se realiza el monitoreo? | W7: Periodicidad ¿Cuándo?
A8: 1 | B8: GENERAL | C8: EXTERNO | D8: EJECUCIÓN | E8: RIESGO OPERACIONAL | F8: Daños o pérdidas causados en el lugar de ejecución del contrato. | G8: Afecta la ejecución del contrato físico y presupuestal, retrasando el cronograma de los servicios | H8: 2. Improbable (Puede ocurrir ocasionalmente) | I8: 3. moderado | J8: 5 | K8: =INDEX(Hoja4!$C$6:$C$10,MATCH(H8,Hoja4!$B$6:$B$10,0))+INDEX(Hoja4!$D$5:$H$5,MATCH(I8,Hoja4!$D$4:$H$4,0)) -> 5 | L8: Contratista | M8: La Entidad cuenta con procedimientos establecidos de seguridad. El contratista también debe contar con ellos. | N8: 1. Raro (Puede ocurrir excepcionalmente) | O8: 2. menor | P8: =INDEX(Hoja4!$C$6:$C$10,MATCH(N8,Hoja4!$B$6:$B$10,0))+INDEX(Hoja4!$D$5:$H$5,MATCH(O8,Hoja4!$D$4:$H$4,0)) -> 3 | Q8: =INDEX(Hoja4!$C$6:$C$10,MATCH(N8,Hoja4!$B$6:$B$10,0))+INDEX(Hoja4!$D$5:$H$5,MATCH(O8,Hoja4!$D$4:$H$4,0)) -> 3 | R8: si | S8: Contratista | T8: inicio de ejecución del contrato | U8: Hasta finalizar la ejecución | V8: Verificación permanente de los insumos ,protocolos y procedimientos de seguridad del contratista | W8: Permanente
A9: 2 | B9: ESPECIFICO | C9: EXTERNO | D9: EJECUCIÓN | E9: RIESGO ECONÓMICO | F9: Desabastecimiento de los insumos requeridos y alza en los precios de los productos e indisponibilidad de los mismos | G9: Afectacion en el cumplimiento de las obligaciones a cargo del Contratista | H9: 3. Posible (Puede occurrir en cualquier momento futuro) | I9: 4. mayor | J9: 7 | K9: =INDEX(Hoja4!$C$6:$C$10,MATCH(H9,Hoja4!$B$6:$B$10,0))+INDEX(Hoja4!$D$5:$H$5,MATCH(I9,Hoja4!$D$4:$H$4,0)) -> 7 | L9: Contratista | M9: Seguimiento y verificación del stock que requiere el contratista para prestar el servicio en los tiempos requeridos por la entidad. | N9: 2. Improbable (Puede ocurrir ocasionalmente) | O9: 3. moderado | P9: =INDEX(Hoja4!$C$6:$C$10,MATCH(N9,Hoja4!$B$6:$B$10,0))+INDEX(Hoja4!$D$5:$H$5,MATCH(O9,Hoja4!$D$4:$H$4,0)) -> 5 | Q9: =INDEX(Hoja4!$C$6:$C$10,MATCH(N9,Hoja4!$B$6:$B$10,0))+INDEX(Hoja4!$D$5:$H$5,MATCH(O9,Hoja4!$D$4:$H$4,0)) -> 5 | R9: si | S9: Contratista | T9: inicio de ejecución del contrato | U9: Hasta finalizar la ejecución | V9: Supervisión y seguimiento constante a la situación del mercado | W9: Permanente
A10: 3 | B10: GENERAL | C10: EXTERNO | D10: EJECUCIÓN | E10: RIESGO REGULATORIO | F10: Cambios normativos que afecten la ejecución del contrato. | G10: Hechos o situaciones que dificultan la ejecución del contrato | H10: 2. Improbable (Puede ocurrir ocasionalmente) | I10: 2. menor | J10: 4 | K10: Riesgo bajo | L10: Entidad Estatal / Contratista | M10: Seguimiento a través del supervisor a la normatividad aplicable y vigente durante la ejecución contractual | N10: 1. Raro (Puede ocurrir excepcionalmente) | O10: 1. insignificante | P10: 2 | Q10: Riesgo bajo | R10: si | S10: Entidad Estatal | T10: Fecha de perfeccionami ento | U10: Finalización de contrato | V10: Informes de supervisión | W10: Según novedad presentada
A11: 5 | B11: GENERAL | C11: EXTERNO | D11: EJECUCIÓN | E11: RIESGO OPERACIONAL | F11: Falta en la logística y organización que afecten la prestación del servicio | G11: Retraso en las entregas y tiempos de cumplimiento de los cronogramas. | H11: 2. Improbable (Puede ocurrir ocasionalmente) | I11: 3. moderado | J11: 5 | K11: Riesgo medio | L11: Supervisor y Contratista | M11: Hacer seguimiento a los cronogramas establecidos, mantener el recurso humano requerido para el cumplimiento del contrato. | N11: 1. Raro (Puede ocurrir excepcionalmente) | O11: 2. menor | P11: 3 | Q11: Riesgo bajo | R11: si | S11: Entidad Estatal | T11: inicio de ejecución del contrato | U11: Hasta finalizar la ejecución | V11: Supervisión y seguimiento | W11: Permanente
A12: 6 | B12: GENERAL | C12: EXTERNO | D12: EJECUCIÓN | E12: RIESGO SOCIAL O POLÍTICO | F12: Huelgas, paros, motines y demás factores que puedan afectar el ejercicio común de su actividad, en la prestación del servicio, como parte del contrato suscrito con el SENA que afecten la prestación del servicio. | G12: Interrupción en la prestación del servicio, afectándo la ejecución contractual | H12: 3. Posible (Puede occurrir en cualquier momento futuro) | I12: 3. moderado | J12: 6 | K12: Riesgo alto | L12: Contratista | M12: El contratista deberá contar con un plan de contingencia para no causar traumatismo en la prestación del servicio | N12: 3. Posible (Puede occurrir en cualquier momento futuro) | O12: 2. menor | P12: 5 | Q12: Riesgo medio | R12: si | S12: Entidad Estatal | T12: inicio de ejecución del contrato | U12: Hasta finalizar la ejecución | V12: Revisión del plan de contingencia del Contratista al inicio de la ejecución del contrato. | W12: Permanente
A13: 7 | B13: GENERAL | C13: EXTERNO | D13: EJECUCIÓN | E13: RIESGO DE LA NATURALEZA | F13: Temblores, inundaciones, lluvias, sequías, entre otros, siempre y cuando los mismos puedan preverse | G13: No poder entregar los bienes materia del proceso de contratación | H13: 1. Raro (Puede ocurrir excepcionalmente) | I13: 2. menor | J13: 3 | K13: Riesgo bajo | L13: Contratista y Entidad | M13: Revisar las condiciones para poder tomar medidas como reprogramación de fechas de entrega o ampliación del plazo de ejecución por estas situaciones de fuerza mayor o caso fortuito | N13: 1. Raro (Puede ocurrir excepcionalmente) | O13: 1. insignificante | P13: 2 | Q13: Riesgo bajo | R13: si | S13: Entidad estatal | T13: inicio de ejecución del contrato | U13: Hasta finalizar la ejecución | V13: Supervisión constante y seguimiento a la ejecución del contrato y a las medidas adopadas por el gobierno nacional, distrital o local frente a esta catastrofe | W13: permanente durante la ejecución del contrato
A14: 8 | B14: ESPECIFICO | C14: EXTERNO | D14: EJECUCIÓN | E14: RIESGO OPERACIONAL | F14: Extensión del plazo del contrato, al realizarse en un tiempo mayor al inicialmente programado por circunstancias no imputables a las partes. | G14: Mayores costos asociados | H14: 1. Raro (Puede ocurrir excepcionalmente) | I14: 2. menor | J14: 3 | K14: Riesgo bajo | L14: Contratista y entidad estatal | M14: Suspensiones del Contrato - Necesidad de extender el plazo y valor del contrato | N14: 1. Raro (Puede ocurrir excepcionalmente) | O14: 1. insignificante | P14: 2 | Q14: Riesgo bajo | R14: si | S14: Entidad estatal | T14: inicio de ejecución del contrato | U14: Hasta finalizar la ejecución | V14: productos entregables y comunicación constante entre supervisor y contratista | W14: Permanente
A15: 9 | B15: ESPECIFICO | C15: EXTERNO | D15: CONTRATACIÓN | E15: RIESGO REGULATORIO | F15: Se presenta cuando el contratista seleccionado no firma el contrato en el plazo establecido y/o se retrasa en la constitución y presentación de las garantías que amparan el cumplimiento del contrato | G15: Retraso en el inicio de la ejecución del contrato y afectación en el logro de los objetivos y satisfacción de la necesidad propuesta | H15: 2. Improbable (Puede ocurrir ocasionalmente) | I15: 3. moderado | J15: 5 | K15: Riesgo medio | L15: contratista | M15: Se establecen plazos perentorios para el perfeccionamiento y ejecución del contrato | N15: 1. Raro (Puede ocurrir excepcionalmente) | O15: 1. insignificante | P15: 2 | Q15: Riesgo bajo | R15: si | S15: Supervisor - Contratista | T15: Desde la adjudicación del contrato | U15: Hasta la suscripción del acta de inicio | V15: Revisión de la Plataforma de SECOP | W15: permanente
A16: 10 | B16: GENERAL | C16: INTERNO | D16: EJECUCIÓN | E16: RIESGO OPERACIONAL | F16: Incumplimiento de las obligaciones por parte del contratista, que afecten la ejecución y cumplimiento del contrato. | G16: Afecta la ejecución del contrato y cumplimie nto de las metas establecid as en el proyecto | H16: 2. Improbable (Puede ocurrir ocasionalmente) | I16: 2. menor | J16: 4 | K16: riesgo bajo | L16: contratista | M16: Seguimiento estricto al cumplimiento de cada una de las obligaciones y fases del contrato por parte del supervisor. especialmente al cronograma. | N16: 1. Raro (Puede ocurrir excepcionalmente) | O16: 1. insignificante | P16: 2 | Q16: Riesgo bajo | R16: si | S16: supervisor | T16: Desde la suscripcion del Acta de Inicio | U16: Hasta la liquidación del contrato | V16: seguimiento al cronograma del plan de trabajo; al ingreso de los bienes al almacén de la Entidad de los bienes recibidos a satisfacción y revisión de los informes y demás documentos que debe presentar el contratista en cumplimiento de las obligaciones contractuales. | W16: permanente
A17: 11 | B17: GENERAL | C17: EXTERNO | D17: EJECUCIÓN | E17: RIESGO OPERACIONAL | F17: Ocurre cuando se presentan fallas en la disponibilidad del Sistema de Contratación Pública – SECOP (www.colombiacom pra.gov.co) | G17: Retraso o incumplimiento de los plazos legales para la publicación de los actos y/o documentos derivados de los procesos contractuales. | H17: 3. Posible (Puede occurrir en cualquier momento futuro) | I17: 3. moderado | J17: 6 | K17: Riesgo alto | L17: Entidad / contratista / CCE | M17: Administrador del SECOP, y dejar evidencia de la interrupción del servicio de conformidad a lo establecido en los protocolos de indisponibilidad del servicio de Colombia Compra Eficiente | N17: 2. Improbable (Puede ocurrir ocasionalmente) | O17: 3. moderado | P17: 5 | Q17: Riesgo medio | R17: no | S17: ENTIDAD / CONTRATISTA / CCE | T17: Desde la invitación pública | U17: hasta el cierre del expediente contractual | V17: Revisando la Página de SECOP para el cargue de la informació n. | W17: permanente
A18: 12 | B18: GENERAL | C18: EXTERNO | D18: EJECUCIÓN | E18: RIESGO OPERACIONAL | F18: Accidentes laborales por uso inadecuado de herramientas | G18: lesiones personales, sanciones legales | H18: 2. Improbable (Puede ocurrir ocasionalmente) | I18: 3. moderado | J18: 5 | K18: Riesgo medio | L18: Contratista | M18: Capacitaciones, dotación epps, supervisión en Campo. | N18: 1. Raro (Puede ocurrir excepcionalmente) | O18: 2. menor | P18: 3 | Q18: riesgo bajo | R18: si | S18: Entidad/contratista | T18: inicio de ejecución del contrato | U18: terminación del contrato | V18: inspecciones de seguridad y reporte de incidentes | W18: permanente
A19: 13 | B19: ESPECIFICO | C19: EXTERNO | D19: EJECUCIÓN | E19: RIESGO OPERACIONAL | F19: mal manejo de residuos de construcción | G19: contaminación ambiental | H19: 3. Posible (Puede occurrir en cualquier momento futuro) | I19: 4. mayor | J19: 7 | K19: Riesgo alto | L19: contratista | M19: socialización constante, revisiónses de la supervisión de campo | N19: 2. Improbable (Puede ocurrir ocasionalmente) | O19: 2. menor | P19: 4 | Q19: Riesgo bajo | R19: si | S19: ENTIDAD / CONTRATISTA / CCE | T19: inicio de ejecución del contrato | U19: terminación del contrato | V19: auditorias ambientales desde la supervisión | W19: permanente
A20: 8,9,10 | B20: Riesgo extremo
A21: 6, 7 | B21: Riesgo alto
A22: 5 | B22: Riesgo medio
A23: 1,3,4 | B23: Riesgo bajo
A27: Elaborado por: Laura Catalina Avila Cruz - Contratista Talento Humano
A41: [1] Se publica formato para conocimiento de toda la Entidad. Éste será aplicable a partir del 17 de abril de 2023, mientras tanto se continuará aplicando el formato con código GC-FO-23.

Sheet Hoja2
A1: GENERAL | B1: INTERNO | C1: PLANEACIÓN | D1: RIESGO ECONÓMICO | E1: 1. Raro (Puede ocurrir excepcionalmente) | F1: IMPACTO | G1: VALORACIÓN DEL RIESGO | H1: categoría | I1: Contratista
A2: ESPECIFICO | B2: EXTERNO | C2: SELECCIÓN | D2: RIESGO SOCIAL O POLÍTICO | E2: 2. Improbable (Puede ocurrir ocasionalmente) | F2: 1. insignificante | H2: Riesgo bajo | I2: Entidad
C3: CONTRATACIÓN | D3: RIESGO OPERACIONAL | E3: 3. Posible (Puede occurrir en cualquier momento futuro) | F3: 2. menor | H3: Riesgo medio | I3: Contratista y Entidad
C4: EJECUCIÓN | D4: RIESGO FINANCIERO | E4: 4. Probable (Probablemente va a ocurrir) | F4: 3. moderado | H4: Riesgo alto
D5: RIESGO REGULATORIO | E5: 5. Casi cierto (Ocurre en la mayoría de circunstancias) | F5: 4. mayor | H5: Riesgo Extremo
D6: RIESGO DE LA NATURALEZA | F6: 5. Catastrófico
D7: RIESGO AMBIENTAL
D8: RIESGO TECNOLÓGICO

Sheet Hoja4
B3: MATRIZ DE RIESGOS | D3: CONSECUENCIA
D4: 1. insignificante | E4: 2. menor | F4: 3. moderado | G4: 4. mayor | H4: 5. Catastrófico
B5: PROBABILIDAD | D5: 1 | E5: 2 | F5: 3 | G5: 4 | H5: 5
B6: 1. Raro (Puede ocurrir excepcionalmente) | C6: 1 | D6: =$C6+D$5 -> 2 | E6: =$C6+E$5 -> 3 | F6: =$C6+F$5 -> 4 | G6: =$C6+G$5 -> 5 | H6: =$C6+H$5 -> 6
B7: 2. Improbable (Puede ocurrir ocasionalmente) | C7: 2 | D7: =$C7+D$5 -> 3 | E7: =$C7+E$5 -> 4 | F7: =$C7+F$5 -> 5 | G7: =$C7+G$5 -> 6 | H7: =$C7+H$5 -> 7
B8: 3. Posible (Puede occurrir en cualquier momento futuro) | C8: 3 | D8: =$C8+D$5 -> 4 | E8: =$C8+E$5 -> 5 | F8: =$C8+F$5 -> 6 | G8: =$C8+G$5 -> 7 | H8: =$C8+H$5 -> 8
B9: 4. Probable (Probablemente va a ocurrir) | C9: 4 | D9: =$C9+D$5 -> 5 | E9: =$C9+E$5 -> 6 | F9: =$C9+F$5 -> 7 | G9: =$C9+G$5 -> 8 | H9: =$C9+H$5 -> 9
B10: 5. Casi cierto (Ocurre en la mayoría de circunstancias) | C10: 5 | D10: =$C10+D$5 -> 6 | E10: =$C10+E$5 -> 7 | F10: =$C10+F$5 -> 8 | G10: =$C10+G$5 -> 9 | H10: =$C10+H$5 -> 10
D14: Riesgo bajo
D15: Riesgo medio
D16: Riesgo alto
D17: Riesgo Extremo
